 Dungeon Crawl Stone Soup version 0.14-a0-1519-gc5e2f7f (webtiles) character file.

1834 MackTheKnife the Basher (level 8, -1/63 HPs)
             Began as a Centaur Berserker on Dec 16, 2013.
             Was a High Priest of Trog.
             Slain by an orc
             ... wielding a -1,+1 orcish mace
              (4 damage)
             ... on Level 6 of the Dungeon.
             The game lasted 00:09:28 (5083 turns).

MackTheKnife the Basher (Centaur Berserker)         Turns: 5083, Time: 00:09:29

HP  -1/63        AC 10     Str 20      XL: 8   Next: 65%
MP   6/6         EV  8     Int  2 (4)  God: Trog [*****.]
Gold 211         SH  9     Dex 11      Spells:  0 memorised,  7 levels left

rFire  . . .     SeeInvis .     f - +2,+0 whip (elec)
rCold  + . .     Clarity  .     h - +2 robe {rN+}
rNeg   + . .     Conserve .     p - +3 dwarf buckler {rC+}
rPois  .         rCorr    .     (no helmet)
rElec  .         rRot     .     (no cloak)
SustAb . .       Spirit   .     v - +1 pair of elf gloves
rMut   .         Warding  .     (no barding)
Saprov . . .     Stasis   .     (no amulet)
                                (no ring)
                                (no ring)

@: slowed, slightly resistant to hostile enchantments, very unstealthy
A: hooves 3, yellow scales 1, deformed body, dopey 1, herbivore 1, speed 2, fast
metabolism 1, regeneration 1, tough skin 3
a: Burn Spellbooks, Berserk, Trog's Hand, Brothers in Arms, Renounce Religion


You were on level 6 of the Dungeon.
You worshipped Trog.
Trog was extremely pleased with you.
You were not hungry.

You visited 1 branch of the dungeon, and saw 6 of its levels.

You collected 211 gold pieces.


Innate Abilities, Weirdness & Mutations

You have hooves in place of feet.
Armour fits poorly on your strangely shaped body.
You digest meat inefficiently.
You cover ground very quickly.
You have a fast metabolism.
You have extremely tough skin (AC +3).
You are partially covered in yellow scales (AC +2).
You are dopey. (Int -2)
Your natural rate of healing is unusually fast.


   Skills:
 + Level 3.1 Fighting
 - Level 10.3 Maces & Flails
 - Level 1.3 Armour
 - Level 1.3 Dodging


You had 7 spell levels left.
You didn't know any spells.

Inventory:

Hand weapons
 f - a +2,+0 whip of electrocution (weapon)
 u - a +2,+1 orcish flail
Armour
 h - a +2 robe of positive energy (worn)
 p - a +3 dwarven buckler of cold resistance (worn)
 v - a +1 pair of elven gloves (worn)
Magical devices
 e - a wand of disintegration (9)
Comestibles
 c - 3 bread rations
 d - a pear
 m - a cheese
 n - 2 chokos
Scrolls
 q - 2 scrolls of identify
Potions
 a - a potion of magic
 g - a potion of restore abilities

▒▒···········l·······
▒▒···················
▒▒··············[····
▒▒·······#··h········
▒▒···················
▒▒··················▒
▒▒······o··{·······▒
▒▒·)··oooF··o······
▒▒···)cg········#··
▒▒················
▒▒···············
▒▒·············
▒▒············
▒▒·······%···
▒▒········· ▒▒·······
▒▒·····


You could see an orc warrior, a giant frog, a hound, an orc wizard, 3 orcs, a
giant gecko and a hobgoblin.


Message History

* * * LOW HITPOINT WARNING * * *
A hound comes into view.
A giant gecko comes into view.
A rat comes into view.
The orc wizard casts a spell at you.
You feel yourself slow down.
Your surroundings seem slightly different.
The hobgoblin hits you.
* * * LOW HITPOINT WARNING * * *
The phantom blinks!
Unknown command.
Drink which item? (? for menu, Esc to quit)
Okay, then.
Read which item? (? for menu, Esc to quit)
Okay, then.
Drink which item? (? for menu, Esc to quit)
Okay, then.
Unknown command.
Drink which item? (? for menu, Esc to quit)
Okay, then.
Unknown command.
You closely miss the orc warrior.
The orc warrior is severely wounded.
The orc wizard points at you and mumbles some strange words.
You resist.
The orc warrior hits you with an orcish flail!
* * * LOW HITPOINT WARNING * * *
The hobgoblin hits you but does no damage.
The orc hits you with an orcish mace.
You die...

Action                   |  1- 3 |  4- 6 |  7- 9 || total
-------------------------+-------+-------+-------++-------
Melee: Mace              |    91 |    21 |       ||   112
       Flail             |       |   161 |    69 ||   230
       Whip              |       |       |    32 ||    32
Evoke: Wand              |       |       |     7 ||     7
  Use: Potion            |       |     5 |     1 ||     6
       Scroll            |       |     4 |    11 ||    15

Vault maps used:
D:1:      ncdulo_watergridlock, serial_corexii_hall, corexii_hall_statues_i,
          corexii_hall_statues_x, corexii_hall_statues_i, corexii_hall_statues_l
D:2:      lemuel_doored_altar, moated_statue
D:3:      minmay_rats_cheese, uniq_terence
D:5:      first_bread, minmay_curled_crystal, uniq_pikel
D:6:      uniq_eustachio, uniq_menkaure, uniq_blork_the_orc

Notes
Turn   | Place    | Note
--------------------------------------------------------------
     0 | D:1      | MackTheKnife, the Centaur Berserker, began the quest for the Orb.
     0 | D:1      | Reached XP level 1. HP: 19/19 MP: 1/1
    78 | D:1      | Reached skill level 3 in Maces & Flails
   101 | D:1      | Reached XP level 2. HP: 8/26 MP: 2/2
   683 | D:1      | Acquired Trog's second power
  1014 | D:2      | Reached XP level 3. HP: 26/31 MP: 3/3
  1163 | D:2      | Found a snail-covered altar of Cheibriados.
  1481 | D:2      | Reached skill level 4 in Maces & Flails
  1847 | D:2      | Reached XP level 4. HP: 11/38 MP: 3/3
  2875 | D:3      | Reached skill level 5 in Maces & Flails
  2878 | D:3      | Noticed Terence
  3137 | D:3      | Gained mutation: You are partially covered in yellow scales (AC +2). [potion of mutation]
  3137 | D:3      | Gained mutation: You are dopey. (Int -2) [potion of mutation]
  3137 | D:3      | Gained mutation: Your natural rate of healing is unusually fast. [potion of mutation]
  3144 | D:3      | Killed Terence
  3144 | D:3      | Reached XP level 5. HP: 35/45 MP: 4/4
  3529 | D:3      | Acquired Trog's third power
  3722 | D:4      | Noticed a black bear
  3732 | D:4      | Noticed SkaryMonk's ghost (average DsFi)
  3741 | D:4      | Killed SkaryMonk's ghost
  3741 | D:4      | Reached skill level 6 in Maces & Flails
  3741 | D:4      | Reached XP level 6. HP: 37/51 MP: 5/5
  3742 | D:4      | Killed a black bear
  3891 | D:4      | Reached skill level 7 in Maces & Flails
  4114 | D:4      | Noticed an ogre
  4122 | D:4      | Killed an ogre
  4122 | D:4      | Reached XP level 7. HP: 35/57 MP: 5/5
  4306 | D:5      | Entered Level 5 of the Dungeon
  4421 | D:5      | Reached skill level 8 in Maces & Flails
  4477 | D:5      | Noticed Pikel
  4692 | D:5      | Reached skill level 9 in Maces & Flails
  4692 | D:5      | Reached XP level 8. HP: 44/63 MP: 6/6
  4794 | D:5      | Killed Pikel
  4794 | D:5      | Reached skill level 10 in Maces & Flails
  5083 | D:6      | HP: 3/63 [orc warrior/orcish flail (8)]
  5083 | D:6      | Slain by an orc

Vanquished Creatures
  Pikel (D:5)
  A slave (D:5)
  3 ogres
  A black bear (D:4)
  An ice beast (D:5)
  A centaur (D:5)
  The ghost of SkaryMonk the Slasher, an average DsFi (D:4)
  A phantom (D:5)
  3 crimson imps
  2 hounds (D:5)
  2 orc wizards (D:3)
  2 worker ants (D:5)
  A scorpion (D:4)
  Terence (D:3)
  4 gnolls
  4 adders
  3 giant geckos
  2 oozes
  9 orcs
  8 bats
  A giant cockroach (D:5)
  9 hobgoblins
  10 kobolds
  A quokka (D:5)
  2 ball pythons
  A giant gecko skeleton (D:4)
  3 giant newts
  14 goblins
  42 rats
134 creatures vanquished.
